 Dungeon Crawl Stone Soup version 0.31-a0-507-gbafd7f5274 (webtiles) character file.

Game seed: 8467623541075095732

69171 senseless the Mimic (level 14, -5/114 HPs)
             Began as a Demonspawn Shapeshifter on Aug 9, 2023.
             Was the Champion of Ru.
             Slain by a cyclops (18 damage)
             ... on level 2 of the Orcish Mines on Aug 10, 2023.
             The game lasted 01:05:41 (18199 turns).

senseless the Mimic (Demonspawn Shapeshifter)      Turns: 18199, Time: 01:05:41

Health: -5/114     AC: 26    Str: 25    XL:     14   Next: 89%
Magic:  14/14      EV: 15    Int: 10    God:    Ru [******]
Gold:   1966       SH:  0    Dex: 13    Spells: 12/13 levels left

rFire   + .          .
                       - Unarmed
rCold   . . .        (shield unavailable)
rNeg    . . .        M - +5 ring mail of Honesty {-Cast rElec rPois Str+4}
rPois   +            S - +2 hat
rElec   +            a - scarf {repulsion}
rCorr   .            p - +1 pair of gloves
SInv    .            J - +2 pair of boots {rF+}
Will    +....        j - amulet of regeneration
Stlth   +            (ring unavailable)
HPRegen 1.19/turn    m - +4 ring of slaying
MPRegen 0.14/turn

%: no spellcasting, repel missiles
@: flux-form, sanguine armoured, glowing
A: glow, contaminating, ignite blood 2, spiny 3, missing a hand, inability to
use devices, inability to train armour, sanguine armour 2, demonic touch 2
a: Begin Untransformation, Renounce Religion, Draw Out Power, Power Leap,
Apocalypse


You were on level 2 of the Orcish Mines.
You worshipped Ru.
Ru was exalted by your worship.
You were something dangerously unstable.
You visited 3 branches of the dungeon, and saw 20 of its levels.
You also visited: Sewer and Volcano.

You collected 2673 gold pieces.
You spent 707 gold pieces at shops.

Inventory:

Hand Weapons
 I - a +7 sling of freezing
 V - a +2 hand crossbow of flaming
Missiles
 w - 2 throwing nets (quivered)
 P - 9 silver javelins
Armour
 a - a scarf of repulsion (worn)
 o - the +1 ring mail "Gemmaefa" {-Cast rC+ Dex+2}
   (You found it on level 4 of the Dungeon)

   Dex+2:     It affects your dexterity (+2).
   rC+:       It protects you from cold.
   -Cast:     It prevents spellcasting.
 p - a +1 pair of gloves (worn)
 y - a +2 leather armour of fire resistance
 F - a +2 leather armour of positive energy
 J - a +2 pair of boots of fire resistance (worn)
 K - the +1 robe of Gofa {rC+ rN+ Int-4 Dex+2}
   (You found it on level 9 of the Dungeon)

   Int-4:     It affects your intelligence (-4).
   Dex+2:     It affects your dexterity (+2).
   rC+:       It protects you from cold.
   rN+:       It protects you from negative energy.
 M - the +5 ring mail of Honesty (worn) {-Cast rElec rPois Str+4}
   (You found it on level 10 of the Dungeon)

   Str+4:     It affects your strength (+4).
   rElec:     It insulates you from electricity.
   rPois:     It protects you from poison -Cast: It prevents spellcasting.
 S - a +2 hat (worn)
Jewellery
 b - a ring of resist corrosion
 h - an amulet of the acrobat
 j - an amulet of regeneration (around neck)
 m - a +4 ring of slaying (right hand)
 D - an amulet of reflection
 H - a ring of see invisible
 Q - the amulet "Leostes" {RegenMP +Inv}
   (You found it on level 12 of the Dungeon)

   [amulet of magic regeneration]

   RegenMP:   It increases your rate of magic regeneration.
   +Inv:      It lets you turn invisible.
 X - a ring of protection from fire
Talismans
 c - a beast talisman
 d - a flux talisman (active)
 T - a maw talisman
Scrolls
 f - 5 scrolls of teleportation
 g - 2 scrolls of summoning
 i - a scroll of blinking
 l - 3 scrolls of fear
 q - 5 scrolls of fog
 s - 6 scrolls of revelation
 O - 8 scrolls of identify
 R - 3 scrolls of silence
 U - a scroll of brand weapon
 W - 2 scrolls of poison
Potions
 e - 2 potions of brilliance
 k - 2 potions of magic
 n - 3 potions of resistance
 t - 4 potions of mutation
 u - 5 potions of enlightenment
 x - 6 potions of curing
 z - 4 potions of invisibility
 A - 11 potions of heal wounds
 B - a potion of cancellation
 E - 3 potions of ambrosia
 G - a potion of haste
 L - 2 potions of might
 Z - 2 potions of attraction


   Skills:
 + Level 11.9 Fighting
 - Level 5.8 Throwing
 + Level 11.0 Dodging
 + Level 11.2 Unarmed Combat
 * Level 13.2 Shapeshifting


You had 12 spell levels left.
You knew the following spells:

 Your Spells              Type           Power      Damage    Failure   Level
a - Magic Dart            Conj           0%         1d3       52%         1

Your spell library contained the following spells:

 Spells                   Type           Power      Damage    Failure   Level
 Apportation              Tloc           0%         N/A       52%         1
 Necrotise                Necr           0%         1d4       52%         1
 Slow                     Hex            0%         N/A       52%         1
 Summon Small Mammal      Summ           0%         N/A       52%         1
 Call Imp                 Summ           0%         N/A       65%         2
 Lesser Beckoning         Tloc           0%         N/A       65%         2
 Poisonous Vapours        Pois/Air       0%         N/A       65%         2
 Scorch                   Fire           0%         2d5       65%         2
 Call Canine Familiar     Summ           0%         N/A       87%         3
 Confusing Touch          Hex            0%         N/A       87%         3
 Gell's Gravitas          Tloc           0%         N/A       87%         3
 Mephitic Cloud           Conj/Pois/Air  0%         N/A       87%         3
 Summon Guardian Golem    Hex/Summ       0%         N/A       87%         3
 Teleport Other           Tloc           0%         N/A       87%         3
 Vampiric Draining        Necr           0%         2d6       87%         3
 Flame Wave               Conj/Fire      0%         2d4       99%         4
 Freezing Cloud           Conj/Ice/Air   0%         6-21      100%        5
 Summon Cactus Giant      Summ           0%         N/A       100%        6


Dungeon Overview and Level Annotations

Branches:
Dungeon (13/15)            Temple (0/1) D:5            Lair (5/5) D:10
  Swamp (0/4) Lair:3       Spider (0/4) Lair:2        Slime (0/5) Lair:5
    Orc (2/2) D:9             Elf (0/3) Orc:2         Sewer (visited)
Volcano (visited)
 Vaults: D:13-14

Altars:
Dithmenos
Fedhas
Gozag
Kikubaaqudgha
Ru
Uskayaw
Vehumet
Wu Jian
Xom

Shops:
D:1 [!(*   D:9 **   Orc:2 *[=(

Annotations:
D:1 2 transporters
D:13 3 runed translucent doors, TobyConnect's ghost, journeyman DsSh


Innate Abilities, Weirdness & Mutations

You are something dangerously unstable.
You glow with magical radiation, making you easy to see and hit.
Foes you strike become dangerously contaminated with magical radiation.
You are incapable of wielding weapons or throwing items.
Your demonic aura often causes spilled blood to erupt in flames.
You are completely covered in sharp spines.
You are missing a hand.
You cannot study or use magical devices.
You cannot train Armour skill.
When seriously injured, your blood forms thick armour. (AC +9)
Your touch may inflict irresistible damage on your foes.


Message History

The fungus is engulfed in blazing flames.
The fungus begins to die.
The cyclops barely misses you.
You hit the stone giant.
The stone giant shudders as magic cascades through it!
The stone giant twists and deforms.
The stone giant is moderately wounded.
The fungus is engulfed in blazing flames.
The stone giant is engulfed in blazing flames.
The stone giant is stunned by your conviction and fails to attack.
The cyclops is engulfed in blazing flames.
The cyclops is stunned by your conviction and fails to attack.
You punch the stone giant!
The stone giant begins to glow.
The stone giant is heavily wounded.
The fungus is engulfed in blazing flames.
The cyclops is struck by your spines. The cyclops closely misses you.
The stone giant is engulfed in blazing flames.
The stone giant is struck by your spines.
The stone giant hits you!!
* * * LOW HITPOINT WARNING * * *
You focus your inner power and illuminate the stone giant in retribution!
You punch the stone giant!
The stone giant glows dangerously bright.
The stone giant is almost dead.
The fungus is engulfed in blazing flames.
The cyclops is engulfed in blazing flames.
The cyclops is struck by your spines. The cyclops hits you!
* * * LOW HITPOINT WARNING * * *
The stone giant is engulfed in blazing flames.
The stone giant is struck by your spines.
You kill the stone giant!
You hit the cyclops.
The cyclops begins to glow.
The cyclops is lightly wounded.
The fungus is engulfed in blazing flames.
You redirect the cyclops's attack!
The cyclops hits the cyclops!
You punch the cyclops!
You kill the cyclops!
The fungus is engulfed in blazing flames.
A nearby fungus withers and dies.
The cyclops hits you!!
You die...

### #.## ..........#.##
...# ............. ..##
P....8......# ...##.#
....∩.P.PP#.## .......
.............# .......
........P...# ......#
.P....(C☼..## ......#
..P..P°B°...# ...#...
##......°..## .......
#........#.## .......
.............#
.....................##
.....................##
......................#
......................#
.....................##


You could see a cyclops (contam).

Vanquished Creatures
  Rupert (D:13)
  2 stone giants
  3 ettins
  A fire dragon (Lair:5)
  3 hydras (Lair:5)
  An ogre mage (D:10)
  3 boulder beetles
  A two-headed ogre (D:12)
  9 death yaks
  Sonja (D:13)
  A skyshark (Lair:2)
  Nergalle (D:10)
  Amaemon (D:10)
  Lodul (D:13)
  A swamp dragon (Lair:5)
  Pikel (D:7)
  2 orc knights (Orc:2)
  3 ugly things
  An orc sorcerer (Orc:1)
  2 oklob plants (Lair:2)
  Maurice (Orc:1)
  9 cyclopes
  Joseph (D:7)
  4 elephants (Lair:3)
  3 manticores
  6 black mambas
  3 gargoyles
  17 cane toads
  A torpor snail (Lair:5)
  An orange demon (D:10)
  A molten gargoyle (Volcano)
  An unseen horror (D:11)
  2 efreet
  2 rime drakes
  5 kobold demonologists
  7 komodo dragons
  A yaktaur (D:13)
  4 trolls
  A raiju (shapeshifter) (D:10)
  A merfolk (D:11)
  A polar bear (Lair:5)
  19 blink frogs
  10 dream sheep (Lair:5)
  9 slime creatures
  A vampire (D:10)
  2 shadows
  2 wraiths
  31 yaks
  4 wyverns
  2 fire elementals (Volcano)
  Grum (D:11)
  3 hogs (D:7)
  A human (D:7)
  Menkaure (D:7)
  5 steam dragons
  5 fire bats (Volcano)
  A basilisk (Lair:2)
  7 vampire mosquitoes
  3 wargs
  3 acid dragons
  16 water moccasins
  15 orc warriors
  A swamp drake (Lair:5)
  2 black bears
  15 ogres
  11 wolves
  9 centaurs
  3 phantoms
  2 kobold brigands
  11 bullfrogs
  A gnoll sergeant (D:13)
  An earth elemental (Volcano)
  3 scorpions
  13 wights
  4 troll zombies (D:9)
  5 killer bees (D:5)
  A howler monkey (D:10)
  7 lava snakes
  5 hounds
  A jelly (D:6)
  20 orc priests
  3 gnoll boudas
  8 iguanas
  A sleepcap (D:5)
  29 orc wizards
  4 ogre zombies (D:9)
  12 gnolls
  14 adders
  3 river rats (Sewer)
  A shadow imp (D:7)
  4 white imps
  An ufetubus (D:4)
  5 worms
  2 dart slugs
  72 orcs
  7 endoplasms
  13 giant cockroaches
  7 goblins
  6 hobgoblins
  7 jackals
  6 quokkas
  5 ball pythons
  13 bats
  14 frilled lizards
  A goblin zombie (D:9)
  2 hobgoblin skeletons (D:9)
  2 hobgoblin zombies (D:9)
  12 kobolds
  3 orc skeletons (D:9)
  17 orc zombies (D:9)
  3 rats
644 creatures vanquished.

Vanquished Creatures (others)
  A death yak (Lair:3)
  A blink frog (Lair:2)
  A fire bat (Volcano)
  A yak (D:11)
  A human (D:8)
  An iguana (Lair:5)
  An orc (Orc:1)
  A kobold (D:10)
8 creatures vanquished.

Grand Total: 652 creatures vanquished

Notes
Turn   | Place    | Note
-------+----------+-------------------------------------------
     0 | D:1      | senseless the Demonspawn Shapeshifter began the quest for
                  | the Orb.
     0 | D:1      | Reached XP level 1. HP: 15/15 MP: 1/1
   101 | D:1      | Found Kedam's Weapon Emporium.
   106 | D:1      | Found Toraziad's Distillery.
   172 | D:1      | Found a transporter.
   176 | D:1      | Found Ahalu's General Store.
   220 | D:1      | Found a transporter.
   259 | D:1      | Gained mutation: Your demonic aura sometimes causes spilled
                  | blood to erupt in flames. [demonic ancestry]
   259 | D:1      | Reached XP level 2. HP: 14/21 MP: 2/2
   394 | D:1      | Found Xomag's Armour Boutique.
   495 | D:1      | Reached skill level 3 in Shapeshifting
   981 | D:2      | Reached XP level 3. HP: 23/26 MP: 3/3
  1663 | D:3      | Found a glowing drain.
  1685 | Sewer    | Entered a sewer
  1893 | Sewer    | Gained mutation: You are partially covered in sharp spines.
                  | [demonic ancestry]
  1893 | Sewer    | Reached XP level 4. HP: 33/33 MP: 4/4
  2063 | Sewer    | Gained mutation: Your demonic aura often causes spilled
                  | blood to erupt in flames. [demonic ancestry]
  2063 | Sewer    | Reached XP level 5. HP: 36/38 MP: 5/5
  2530 | D:3      | Found a shimmering altar of Xom.
  2760 | D:3      | Found a faded altar of an unknown god.
  2796 | D:3      | Prayed at the altar of an unknown god.
  2796 | D:3      | Became a worshipper of Ru the Awakened
  2818 | D:3      | Gained mutation: You cannot train Armour skill. [Ru
                  | sacrifice]
  2818 | D:3      | Reached * piety under Ru
  3235 | D:4      | Noticed a phantom
  3243 | D:4      | Killed a phantom
  3244 | D:4      | Reached skill level 4 in Shapeshifting
  3244 | D:4      | Gained mutation: Your touch may inflict minor irresistible
                  | damage on your foes. [demonic ancestry]
  3244 | D:4      | Reached XP level 6. HP: 39/46 MP: 6/6
  3267 | D:4      | Found a shadowy altar of Dithmenos.
  3423 | D:1      | Bought a +2 leather armour of fire resistance for 266 gold
                  | pieces
  3719 | D:4      | Found a radiant altar of Vehumet.
  3850 | D:4      | Identified the +1 ring mail "Gemmaefa" {-Cast rC+ Dex+2}
  3906 | D:4      | Found an ornate altar of the Wu Jian Council.
  3990 | D:5      | Entered Level 5 of the Dungeon
  4140 | D:5      | Noticed a water moccasin
  4150 | D:5      | Killed a water moccasin
  4163 | D:5      | Reached XP level 7. HP: 42/52 MP: 7/7
  4340 | D:5      | Reached skill level 5 in Shapeshifting
  4572 | D:5      | Gained mutation: When seriously injured, your blood forms
                  | armour. (AC +9) [demonic ancestry]
  4572 | D:5      | Reached XP level 8. HP: 52/60 MP: 8/8
  4664 | D:5      | Found a staircase to the Ecumenical Temple.
  4959 | D:6      | Gained mutation: You cannot study or use magical devices.
                  | [Ru sacrifice]
  4959 | D:6      | Reached ** piety under Ru
  4959 | D:6      | Reached *** piety under Ru
  5004 | D:6      | Reached skill level 5 in Unarmed Combat
  5131 | D:6      | Reached skill level 6 in Shapeshifting
  5521 | D:7      | Noticed Menkaure
  5527 | D:7      | Killed Menkaure
  5528 | D:7      | Reached skill level 5 in Fighting
  5589 | D:7      | Noticed Joseph
  5596 | D:7      | Killed Joseph
  5597 | D:7      | Reached skill level 5 in Dodging
  5597 | D:7      | Reached XP level 9. HP: 66/68 MP: 9/9
  5721 | D:7      | Noticed Pikel
  5733 | D:7      | Killed Pikel
  5746 | D:7      | Reached skill level 7 in Shapeshifting
  6332 | D:8      | Gained mutation: You are mostly covered in sharp spines.
                  | [demonic ancestry]
  6332 | D:8      | Reached XP level 10. HP: 53/76 MP: 10/10
  6855 | D:8      | Found an ancient bone altar of Kikubaaqudgha.
  6957 | D:9      | Found a staircase to the Orcish Mines.
  6973 | D:9      | Reached skill level 8 in Shapeshifting
  6990 | D:9      | Gained mutation: You are missing a hand. [Ru sacrifice]
  6990 | D:9      | Reached **** piety under Ru
  6990 | D:9      | Reached ***** piety under Ru
  6990 | D:9      | Reached ****** piety under Ru
  7064 | D:9      | Found an opulent altar of Gozag.
  7162 | D:9      | Noticed a cyan ugly thing
  7162 | D:9      | Noticed a cyclops
  7167 | D:9      | Killed a cyclops
  7174 | D:9      | Killed a green ugly thing
  7307 | D:9      | Found Alusycea's Fire Supplies.
  7314 | D:9      | Bought a +2 pair of boots of fire resistance for 301 gold
                  | pieces
  7544 | D:9      | Found Hifufomp's General Store.
  7640 | D:9      | Identified the +1 robe of Gofa {rC+ rN+ Int-4 Dex+2}
  7785 | D:10     | Entered Level 10 of the Dungeon
  7801 | D:10     | Identified the +5 ring mail of Honesty {-Cast rElec rPois
                  | Str+4}
  7860 | D:10     | Noticed an ogre mage
  7874 | D:10     | Killed an ogre mage
  7887 | D:10     | Gained mutation: You are completely covered in sharp
                  | spines. [demonic ancestry]
  7887 | D:10     | Reached XP level 11. HP: 70/85 MP: 11/11
  8131 | D:10     | Noticed Nergalle
  8144 | D:10     | Killed Nergalle
  8145 | D:10     | Reached skill level 9 in Shapeshifting
  8586 | D:1      | Bought a potion of haste for 140 gold pieces
  8763 | D:10     | Noticed Amaemon
  8764 | D:10     | Found a staircase to the Lair.
  8783 | D:10     | Killed Amaemon
  9461 | D:11     | Noticed Grum
  9473 | D:11     | Killed Grum
  9848 | D:12     | Reached skill level 1 in Throwing
  9866 | D:12     | Reached skill level 10 in Shapeshifting
 10017 | D:12     | Noticed a green ugly thing
 10024 | D:12     | Killed a white ugly thing
 10025 | D:12     | Reached XP level 12. HP: 90/94 MP: 12/12
 10045 | D:12     | Identified the amulet "Leostes" {RegenMP +Inv}
 10174 | D:12     | Noticed a two-headed ogre
 10175 | D:12     | Noticed a boulder beetle
 10182 | D:12     | Killed a two-headed ogre
 10194 | D:12     | Killed a boulder beetle
 10281 | D:12     | Noticed a boulder beetle
 10292 | D:12     | Killed a boulder beetle
 10632 | D:13     | Noticed Rupert
 10645 | D:13     | Killed Rupert
 10709 | D:13     | Noticed Sonja
 10747 | D:13     | Noticed a boulder beetle
 10761 | D:13     | Killed a boulder beetle
 10770 | D:13     | Killed Sonja
 10841 | D:13     | Found a blossoming altar of Fedhas.
 10953 | D:13     | Found a runed translucent gate.
 10954 | D:13     | Found a runed translucent gate.
 10954 | D:13     | Noticed TobyConnect's ghost (journeyman DsSh)
 10955 | D:13     | Found a runed translucent gate.
 11004 | D:13     | Noticed Lodul
 11020 | D:13     | Killed Lodul
 11126 | D:13     | Reached skill level 11 in Shapeshifting
 11363 | Lair:1   | Entered Level 1 of the Lair of Beasts
 11437 | Lair:1   | Found a hide-covered altar of Uskayaw.
 11474 | Lair:1   | You fall into a shaft and drop 1 floor!
 11664 | Lair:2   | Found a dark tunnel.
 11672 | Volcano  | Entered a volcano
 11784 | Volcano  | Found a bloodstained altar of Trog.
 11789 | Volcano  | Gained mutation: When seriously injured, your blood forms
                  | thick armour. (AC +9) [demonic ancestry]
 11789 | Volcano  | Reached XP level 13. HP: 103/103 MP: 13/13
 11807 | Volcano  | Reached skill level 10 in Fighting
 11807 | Volcano  | Noticed a stone giant
 11836 | Volcano  | Killed a stone giant
 12028 | Lair:2   | Found a blossoming altar of Fedhas.
 12435 | Lair:2   | Found a hole to the Spider Nest.
 13553 | Lair:3   | Reached skill level 5 in Throwing
 13731 | Lair:3   | Reached skill level 10 in Unarmed Combat
 13743 | Lair:3   | Found a staircase to the Swamp.
 14191 | Lair:3   | Reached skill level 12 in Shapeshifting
 14435 | Lair:4   | Reached skill level 10 in Dodging
 14815 | Lair:4   | Found a shimmering altar of Xom.
 15306 | Lair:5   | Entered Level 5 of the Lair of Beasts
 15332 | Lair:5   | Gained mutation: Your touch may inflict irresistible damage
                  | on your foes. [demonic ancestry]
 15332 | Lair:5   | Reached XP level 14. HP: 99/111 MP: 14/14
 16206 | Lair:5   | Found a staircase to the Slime Pits.
 16794 | Orc:1    | Entered Level 1 of the Orcish Mines
 16827 | Orc:1    | Learned a level 1 spell: Magic Dart
 16898 | Orc:1    | Noticed Maurice
 16918 | Orc:1    | Killed Maurice
 17162 | Orc:2    | Entered Level 2 of the Orcish Mines
 17179 | Orc:2    | Found Xirizxo's General Store.
 17269 | Orc:2    | Reached skill level 13 in Shapeshifting
 17471 | Orc:2    | Found Ceinyxta's Jewellery Shoppe.
 17538 | Orc:2    | Found a staircase to the Elven Halls.
 17670 | Orc:2    | Found Eliocs's Antique Armour Emporium.
 18188 | Orc:2    | Noticed a stone giant
 18189 | Orc:2    | Found Lykareow's Antique Weapon Shop.
 18197 | Orc:2    | Killed a stone giant
 18199 | Orc:2    | Slain by a cyclops

Illustrated notes

Levels and vault maps discovered:
D:1:      evilmike_arrival_hilbert_curve, layout_basic, serial_shops,
          nicolae_shop_competitors_out_of_business, nicolae_shop_statue_plus,
          shop, nicolae_shop_drivethru, minivault_5, minmay_misc_feat_square
D:2:      layout_loops_ring
D:3:      layout_rooms, mainiacjoe_overflow_small_starburst,
          shapermc_ecumenical_altar_flowoftime, gup_sewer_entry_pipe,
          kennysheep_generic_room_2
D:4:      layout_basic, nzn_wu_jian_council_hall, lemuel_round_altar,
          kennysheep_mini_moat, minmay_bisected
D:5:      layout_loops_cross, mainiacjoe_overflow_catwalk, temple_hall,
          minmay_lizard_king
D:6:      layout_rooms
D:7:      layout_loops_ring, st_stairs_8, minmay_strange_pillars,
          grunt_livestock, uniq_menkaure, uniq_joseph, uniq_pikel
D:8:      layout_loops_ring, tgw_kikubaaqudgha
D:9:      layout_loops_cross, lemuel_doored_altar, zin_treasury,
          zombieorc2_lemuel, serial_shops, kennysheep_little_box, minivault_20,
          nicolae_shop_fire_sale [nicolae_sub_dead_trees], nrook_mini_backslash
D:10:     layout_stronghold, david_lair_shrubbed, chequers_serial_rivers_room_a,
          minivault_25_ag, minmay_misc_feat_x, small_statue_alley_a,
          uniq_amaemon, uniq_nergalle
D:11:     layout_roguey, hangedman_fish_farm, uniq_grum
D:12:     layout_long_grid
D:13:     layout_cave_pools, gammafunk_ghost_nasty_kobolds, st_stairs_4,
          fedhas_bush_and_centaur_altar, uniq_sonja, uniq_rupert, uniq_lodul
Lair:1:   layout_gridlike, basic_altar
Lair:2:   layout_cave_pods, nicolae_spider_entry_non_spiders,
          lightli_volcano_entry_magma_tube, hangedman_tree_tricks, minivault_26
Lair:3:   layout_gridlike, swamp_mist, pond, grunt_megastairs_3
Lair:4:   layout_cave_pods, basic_altar, st_stairs_9
Lair:5:   guppyfry_lair_end_dragon, layout_cave_pods, slime_entry_1
Orc:1:    layout_diamond_mine, uniq_maurice
Orc:2:    grunt_orc_gardens, layout_caves, grunt_orc_garden, grunt_orc_garden,
          grunt_orc_garden, grunt_orc_garden, nicolae_orc_lava_room

Skill      XL: |  1  2  3  4  5  6  7  8  9 10 11 12 13 14 |
---------------+-------------------------------------------+-----
Dodging        | 2 3 4 5 6 7 8 9 10 11 | 11.0
Shapeshifting  | 3 4 5 6 7 8 10 11 12 13 | 13.2
Unarmed Combat | 3 4 5 6 7 8 9 10 11 | 11.2
Fighting       | 2 3 4 5 6 7 8 9 10 11 | 11.9
Throwing       | 1 4 5 |  5.8

Action                     |  1- 3 |  4- 6 |  7- 9 | 10-12 | 13-15 || total
---------------------------+-------+-------+-------+-------+-------++-------
  Melee: Unarmed           |   134 |   138 |   166 |   513 |   692 ||  1643
         Punch             |     1 |     1 |     2 |       |       ||     4
         Touch             |       |     2 |    41 |    15 |       ||    58
 Invoke: Sacrifice Durabil |       |     1 |       |       |       ||     1
         Sacrifice Artific |       |       |     1 |       |       ||     1
         Sacrifice a Hand  |       |       |       |     1 |       ||     1
    Use: Scroll            |    10 |     3 |     3 |     6 |     2 ||    24
         Potion            |       |     2 |       |     2 |       ||     4
   Stab: Sleeping          |       |     1 |       |       |       ||     1
         Distracted        |       |       |       |     3 |     4 ||     7
         Paralysed         |       |       |       |    11 |     4 ||    15
         Invisible         |       |       |       |     1 |     3 ||     4
 Armour: Animal skin       |    11 |       |       |       |       ||    11
         Leather armour    |    20 |    15 |       |       |       ||    35
         Ring mail         |       |     1 |    31 |   185 |   182 ||   399
  Dodge: Dodged            |    95 |    69 |    90 |   339 |   358 ||   951
         Repelled          |       |       |       |     7 |    10 ||    17
   Form: Flux              |       |       |     1 |       |       ||     1

Table legend: (Time is in decaauts)
 A = Elapsed time spent in this place.
 B = Non-inter-level travel time spent in this place.
 C = Inter-level travel time spent in this place.
 D = Time resting spent in this place.
 E = Time spent auto-exploring this place.
 F = Levels seen in this place.
 G = Mean time per level.
                   A        B        C        D        E       F      G
               +--------+--------+--------+--------+--------+-----+--------+
         Total |  18170 |  16648 |   1522 |    338 |  12815 |  22 |  825.9 |
       Dungeon |  10631 |   9540 |   1091 |     31 |   7727 |  13 |  817.8 |
          Lair |   5032 |   4674 |    358 |    105 |   3700 |   5 | 1006.4 |
  Orcish Mines |   1363 |   1291 |     72 |    201 |    763 |   2 |  681.5 |
         Sewer |    869 |    869 |      0 |      0 |    548 |   1 |  869.0 |
       Volcano |    274 |    274 |      0 |      0 |     77 |   1 |  274.0 |
               +--------+--------+--------+--------+--------+-----+--------+

Top non-repeatable levels by time:
  Lair:5: 1336 daAuts
  Lair:2: 1210 daAuts
    D:10: 1092 daAuts
     D:1: 984 daAuts
  Lair:4: 944 daAuts
     D:9: 918 daAuts
     D:5: 875 daAuts
   Sewer: 869 daAuts
     D:4: 864 daAuts
     D:3: 837 daAuts
  Lair:3: 819 daAuts
     D:7: 783 daAuts
     D:2: 760 daAuts
    D:12: 738 daAuts
     D:8: 725 daAuts
